 Dungeon Crawl Stone Soup version 0.30.0-5-g1a98f26d00 (webtiles) character file.

Game seed: 15329827652746749298

144053 Jackthecabe the Lord of Darkness (level 16, -2/127 HPs)
             Began as a Mummy Necromancer on May 12, 2023.
             Was the Champion of Kikubaaqudgha.
             Slain by a spriggan rider
             ... wielding a +0 spear
              (8 damage)
             ... on level 2 of the Swamp.
             The game lasted 02:29:29 (45920 turns).

Jackthecabe the Lord of Darkness (MuNe)            Turns: 45920, Time: 02:29:30

Health: -2/127     AC: 17    Str: 12    XL:     16   Next: 84%
Magic:  3/31       EV: 15    Int: 21    God:    Kikubaaqudgha [******]
Gold:   1083       SH:  5    Dex: 13    Spells: 1/37 levels left

rFire   . . .        n - staff of death "Voczesar" {Contam +Blink rElec rN+ Will++, !a}
rCold   + + .        (no shield)
rNeg    + + +        Q - +0 leather armour {rC+ rF+}
rPois   ∞            A - +2 helmet
rElec   +            i - +2 cloak {Stlth+}
rCorr   .            E - +2 pair of gloves
SInv    .            P - +2 pair of boots {Fly}
Will    ++++.        U - amulet "Ketaof" {Reflect rElec SH+5}
Stlth   +++          Z - ring of wizardry
HPRegen 0.41/turn    z - ring of wizardry
MPRegen 0.22/turn

%: reflection, faith, wizardry (x2)
@: flying, studying 2 skills
A: cold resistance 1, negative energy resistance 3, torment resistance 2, heat
vulnerability 1, in touch with death 2, no potions, faith
a: Renounce Religion, Evoke Blink, Unearth Wretches, Torment


You were on level 2 of the Swamp.
You worshipped Kikubaaqudgha.
Kikubaaqudgha was exalted by your worship.
You visited 5 branches of the dungeon, and saw 25 of its levels.
You also visited: Bailey and Ice Cave.

You collected 2664 gold pieces.
You spent 1581 gold pieces at shops.


Innate Abilities, Weirdness & Mutations

You are immune to poison.
Your flesh is cold resistant. (rC+)
You are immune to negative energy. (rN+++)
You are immune to unholy pain and torment.
You are vulnerable to heat. (rF-)
You are strongly in touch with the powers of death.
You do not drink.
You have a special connection with the divine. (Faith)


   Skills:
 - Level 12.0 Fighting
 - Level 6.0 Polearms
 - Level 8.0 Armour
 - Level 8.0 Dodging
 - Level 1.5 Stealth
 - Level 11.0 Spellcasting
 + Level 7.9 Summonings
 - Level 16.0 Necromancy
 - Level 8.0 Ice Magic
 - Level 10.0 Earth Magic


You had one spell level left.
You knew the following spells:

 Your Spells              Type           Power      Damage    Failure   Level
a - Animate Dead          Necr           100%       N/A       1%          4
b - Borgnjor's Vile Clut  Necr/Erth      61%        N/A       1%          5
d - Death Channel         Necr           66%        N/A       1%          6
h - Haunt                 Necr/Summ      59%        N/A       12%         7
n - Dispel Undead         Necr           100%       3d31      1%          4
s - Simulacrum            Ice/Necr       59%        N/A       2%          6
v - Vampiric Draining     Necr           100%       2d13      1%          3
X - Necrotise             Necr           100%       1d9       0%          1

Your spell library contained the following spells:

 Spells                   Type           Power      Damage    Failure   Level
 Freeze                   Ice            100%       1d10      1%          1
 Magic Dart               Conj           44%        1d5       1%          1
 Sandblast                Erth           100%       2d20      1%          1
 Shock                    Conj/Air       44%        1d5       1%          1
 Call Imp                 Summ           90%        N/A       1%          2
 Cigotuvi's Dreadful Rot  Necr/Pois/Air  100%       N/A       1%          2
 Passwall                 Tmut/Erth      26%        N/A       1%          2
 Call Canine Familiar     Summ           45%        N/A       1%          3
 Frozen Ramparts          Ice            90%        1d14      1%          3
 Hailstorm                Conj/Ice       28%        3d8       1%          3
 Stone Arrow              Conj/Erth      64%        3d11      1%          3
 Anguish                  Hex/Necr       50%        N/A       1%          4
 Summon Ice Beast         Ice/Summ       45%        N/A       1%          4
 Agony                    Necr           100%       N/A       1%          5
 Lee's Rapid Deconstruct  Erth           26%        3d14*     1%          5
 Leda's Liquefaction      Hex/Erth       16%        N/A       2%          4
 Petrify                  Tmut/Erth      32%        N/A       2%          4
 Lesser Beckoning         Tloc           22%        N/A       3%          2
 Gell's Gravitas          Tloc           11%        N/A       6%          3
 Inner Flame              Hex/Fire       11%        N/A       6%          3
 Mephitic Cloud           Conj/Pois/Air  11%        N/A       6%          3
 Portal Projectile        Hex/Tloc       22%        N/A       6%          3
 Swiftness                Air            11%        N/A       6%          3
 Teleport Other           Tloc           11%        N/A       6%          3
 Tukima's Dance           Hex            11%        N/A       6%          3
 Volatile Blastmotes      Fire/Tloc      22%        2d11      6%          3
 Airstrike                Air            5%         2d(1-17)  17%         4
 Flame Wave               Conj/Fire      11%        2d6       17%         4
 Fulminant Prism          Conj/Hex       5%         3d7       17%         4
 Iskenderun's Mystic Bla  Conj/Tloc      11%        2d4       17%         4
 Sticky Flame             Conj/Fire      11%        2d3       17%         4
 Infestation              Necr           66%        N/A       17%         8
 Irradiate                Conj/Tmut      5%         3d13      43%         5
 Sublimation of Blood     Necr           Unusable   N/A       N/A         2
 Ice Form                 Ice/Tmut       Unusable   N/A       N/A         4
 Blade Hands              Tmut           Unusable   N/A       N/A         5

Inventory:

Hand Weapons
 s - a +4 demon trident of electrocution
Missiles
 w - 28 poisoned darts
 x - 3 throwing nets {=f}
 y - 6 curare-tipped darts {=f}
Armour
 a - a +0 buckler of protection
 e - the +6 scale mail "Obatil" {rPois}
   (You found it on level 6 of the Dungeon)

   rPois:     It protects you from poison.
 i - a +2 cloak of stealth (worn)
 k - a +1 kite shield of protection
 r - a +0 cloak of preservation
 A - a +2 helmet (worn)
 E - a +2 pair of gloves (worn)
 P - a +2 pair of boots of flying (worn)
 Q - a +0 leather armour of resistance (worn)
Magical Staves
 c - a staff of air {!a}
 f - a staff of cold {!a}
 n - the staff of death "Voczesar" (weapon) {Contam +Blink rElec rN+ Will++, !a}
   (You acquired it on level 8 of the Dungeon)

   [staff of death]

   Base accuracy: +5 Base damage: 5 Base attack delay: 1.2 This weapon's minimum
   attack delay (0.6) is reached at skill level 12.
   rElec:     It insulates you from electricity.
   rN:        It protects you from negative energy.
   +Blink:    It lets you blink.
   Contam:    It causes magical contamination when unequipped.
   Will:      It greatly increases your willpower.
   It falls into the 'Staves' category.
   It is a one-handed weapon.
 D - a staff of death {!a}
 M - a staff of conjuration {!a}
Jewellery
 v - a ring of see invisible
 z - a ring of wizardry (right hand)
 C - a ring of ice
 J - an amulet of guardian spirit
 L - a ring of flight
 S - a +6 ring of strength
 T - a +4 ring of protection
 U - the amulet "Ketaof" (around neck) {Reflect rElec SH+5}
   (You bought it in a shop on level 12 of the Dungeon)

   [amulet of reflection]

   It reflects blocked missile attacks.
   rElec:     It insulates you from electricity.
   SH:        It affects your SH (+5).
 W - a ring of willpower
 Y - a +4 ring of slaying
 Z - a ring of wizardry (left hand)
Wands
 b - a wand of flame (35)
 t - a wand of charming (15)
 u - a wand of digging (11)
 V - a wand of quicksilver (2)
Scrolls
 g - 4 scrolls of magic mapping
 h - a scroll of enchant armour
 j - 8 scrolls of teleportation {@r2}
 l - 5 scrolls of fog
 m - 3 scrolls of vulnerability
 o - 3 scrolls of fear
 p - 2 scrolls of blinking
 q - a scroll of butterflies
 B - a scroll of brand weapon
 F - 2 scrolls of amnesia
 G - 2 scrolls of poison
 I - 5 scrolls of immolation
 K - a scroll of silence {!r}
Miscellaneous
 d - a box of beasts
 H - a phial of floods

Dungeon Overview and Level Annotations

Branches:
Dungeon (15/15) Temple (1/1) D:6 Lair (5/5) D:9 Swamp (2/4) Lair:3 Spider (0/4) Lair:3 Slime (0/5) Lair:5 Orc (2/2) D:12 Elf (0/3) Orc:2 Vaults (0/5) D:12 D:13 Depths (0/4) D:15 Bailey (visited) IceCv (visited)

Altars:
Ashenzari
Cheibriados
Dithmenos
Fedhas
Gozag
Hepliaklqana
Kikubaaqudgha
Makhleb
Nemelex Xobeh
Okawaru
Qazlal
Ru
Sif Muna
Trog
Uskayaw
Vehumet
Wu Jian
Xom
Yredelemnul
Jiyva

Shops:
D:1 (   D:3 :[   D:6 !   D:7 [   D:10 (   D:12 !(=(:   Orc:1 !   Orc:2 (*:?

Portals:
Pandemonium: Orc:2

Annotations:
Lair:3 3 runed translucent doors, Deesahac's ghost, journeyman BaFi; Sadonosm's ghost, journeyman DgSk; Yjeari's ghost, journeyman GrMo; bungle's ghost, journeyman DjCj; hawla's ghost, journeyman MeFE

♣~....♣♣#.###.###.§~~~~
♣.~~~~>♣♣...~.....~~~~~
♣~~~~~.♣♣§.....~..§~~.~
♣~~~~~♣♣♣♣...~~...~~.~~
♣.~~..♣♣♣.~~~~...~~~♣~~
♣♣......♣.~~.~....~~.~~
♣♣♣♣~.~~..~.~~.♣.....~~
♣~~~~~.~.....~~♣♣.~††..
♣~~~~~@...§...~♣♣~~.♣~.
♣.~~~~R.♣♣♣~.♣♣♣♣♣§♣♣.~
♣~~~~~i♣♣♣♣♣♣♣ ♣♣♣♣~..
♣♣.~~~.♣♣.~.♣ ♣♣.♣~...
♣.~♣~..~.~~♣♣♣♣..~....
♣~♣.♣~.~~.§.)~♣♣~♣..#.
♣.♣.♣...♣~♣i..÷~.~....†
♣..♣♣...[.♣.♣♣~~~~~§.###
♣♣ ♣.♣.♣..♣♣♣♣..§~~~.#.#


You could see an eleionoma and a spriggan rider.


Message History

The spray of wooden splinters hits you!
* * * LOW HITPOINT WARNING * * *
The eleionoma hurls a spray of splinters at you.
The spray of wooden splinters hits you!!
* * * LOW HITPOINT WARNING * * *
Okay, then.
Press: ? - help, v - describe, . - travel, g - get item
Here: an eleionoma
Items here: ! ( ) [ †.
The floor, spattered with blood.
Blink to where?
Press: ? - help, Dir - move target, p - spriggan rider
As you read the scroll of blinking, it crumbles to dust.
The eleionoma flows through the trees.
The eleionoma attacks as you move away! The eleionoma hits you.
* * * LOW HITPOINT WARNING * * *
There is a stone staircase leading up here.
Unknown command.
As you read the scroll of fear, it crumbles to dust.
You assume a fearsome visage.
The eleionoma resists with almost no effort.
The spriggan rider resists with some effort.
The eleionoma misses you.
The spriggan rider hits you from afar with a +0 spear!
* * * LOW HITPOINT WARNING * * *
The eleionoma hits you!
* * * LOW HITPOINT WARNING * * *
The spriggan rider hits you from afar with a +0 spear!
You die...
Kikubaaqudgha rasps: "You have failed me!
Welcome... oblivion!"

Skill      XL: |  1  2  3  4  5  6  7  8  9 10 11 12 13 14 15 16 |
---------------+-------------------------------------------------+-----
Spellcasting   | 3 4 5 8 11 | 11.0
Necromancy     | 5 6 7 8 10 11 13 14 16 | 16.0
Fighting       | 2 6 8 10 12 | 12.0
Polearms       | 5 6 |  6.0
Earth Magic    | 3 6 7 8 10 | 10.0
Ice Magic      | 6 8 |  8.0
Dodging        | 5 8 |  8.0
Armour         | 4 8 |  8.0
Summonings     | 7 |  7.9
Stealth        | |  1.5

Action                     |  1- 3 |  4- 6 |  7- 9 | 10-12 | 13-15 | 16-18 || total
---------------------------+-------+-------+-------+-------+-------+-------++-------
  Melee: Spear             |     6 |    25 |       |       |       |       ||    31
         Trident           |       |       |    97 |   375 |   372 |       ||   844
         Punch             |       |       |     3 |     3 |     5 |       ||    11
         Staff             |       |       |       |       |    41 |    51 ||    92
   Cast: Necrotise         |    73 |    91 |   260 |   126 |   124 |       ||   674
         Vampiric Draining |       |       |    22 |    40 |     5 |       ||    67
         Borgnjor's Vile C |       |       |       |    61 |   246 |    62 ||   369
         Death Channel     |       |       |       |     9 |    30 |     8 ||    47
         Simulacrum        |       |       |       |       |    26 |     1 ||    27
         Dispel Undead     |       |       |       |       |    32 |    37 ||    69
         Haunt             |       |       |       |       |       |    26 ||    26
 Invoke: Torment           |       |       |       |       |     1 |       ||     1
         Receive Forbidden |       |       |       |       |     1 |       ||     1
  Evoke: Wand              |       |       |     2 |     7 |     9 |     6 ||    24
         Box of beasts     |       |       |       |       |     2 |       ||     2
         Phial of floods   |       |       |       |       |       |     1 ||     1
    Use: Scroll            |       |       |    13 |     4 |    10 |    13 ||    40
   Stab: Sleeping          |     1 |       |       |     3 |     3 |       ||     7
         Distracted        |       |       |       |     1 |     3 |       ||     4
         Confused          |       |       |       |       |     1 |       ||     1
 Armour: Robe              |     1 |    21 |    13 |       |       |       ||    35
         Scale mail        |       |       |   163 |    26 |       |       ||   189
         Troll leather arm |       |       |       |   159 |     6 |       ||   165
         Leather armour    |       |       |       |       |   184 |    32 ||   216
  Dodge: Dodged            |     7 |    52 |   149 |   233 |   348 |    62 ||   851
  Block: Other             |       |       |       |       |    67 |    23 ||    90
         Reflection        |       |       |       |       |    10 |     1 ||    11

Levels and vault maps discovered:
D:1:      lightli_arrival_farm, layout_basic, serial_shops,
          nicolae_shop_tiny_real_fake_doors
D:2:      minmay_recursive_quarters, layout_basic, grunt_ministairs_11
D:3:      layout_loops_ring, grunt_gozag_breadcrumbs,
          mainiacjoe_overflow_six_doors_small, amcnicky_altar_gilded,
          serial_shops, shop_fountains, shop, uniq_jessica
D:4:      layout_layer_cave, uniq_blork_the_orc
D:5:      layout_basic, hangedman_decor_growths, minmay_liquid_box
D:6:      layout_cave_pools, kennysheep_mini_moat, minmay_temple_entry_tees,
          serial_shops, nicolae_stop_n_shop_2, grunt_ministairs_12
D:7:      layout_loops_ring, mainiacjoe_overflow_alcove_1,
          mainiacjoe_overflow_paths, enter_bailey_4, nicolae_shop_dragon_depot,
          grunt_potential, uniq_maggie
D:8:      layout_basic, lemuel_coloured_pillars_altar, general_overflow_altar,
          trog_wizard
D:9:      layout_layer_cave, erik_lair_island, uniq_pikel
D:10:     layout_gridville, serial_shops, nicolae_shop_bloodbath_and_beyond,
          uniq_harold
D:11:     lemuel_flame_loot_2, layout_basic, item_on_display_a
D:12:     layout_stronghold, orc_david_3, serial_shops, shop, shop, shop, shop,
          nicolae_diamond_shop, kennysheep_island_fort
D:13:     nzn_winding_woodlands_cross [nzn_winding_woodlands_5x15_pockets,
          nzn_winding_woodlands_5x15_concentric,
          nzn_winding_woodlands_5x15_pathside_ponds,
          nzn_winding_woodlands_5x15_cabin,
          nzn_winding_woodlands_15x15_boxy_spiral], layout_long_grid,
          david_vaults_3, vehumet_crystals
D:14:     minmay_bloctagon_deflated, layout_rooms, portal_ice_cave_entry_dragon,
          minmay_misc_feat_roman, chequers_serial_rivers_micro_e,
          minmay_large_rounded_square, minivault_19
D:15:     gammafunk_depths_entry_grave, layout_loops_corners, basic_altar,
          drop_trap, minmay_misc_feat_five, serial_bayou_pond_d,
          chequers_garden, uniq_kirke
Temple:   oiseaux_autumnal_temple
Lair:1:   layout_chaotic_city, beast_lair_carwin_11, grunt_megastairs_5,
          uniq_gastronok, uniq_amaemon, uniq_fannar
Lair:2:   layout_loops_ring, basic_altar, lemuel_oklob_altar
Lair:3:   layout_misc_corridors, minmay_swamp_entry_wisps,
          nicolae_spider_entry_non_spiders, gammafunk_ghost_cemetery
Lair:4:   cheibrodos_magma_flow, layout_loops_ring, uniq_sonja
Lair:5:   guppyfry_lair_end_dragon, layout_hall_layers,
          hangedman_lair_tendril_chambers, nicolae_slime_entry_field_trip,
          nicolae_volcano_entry_two_sided, chequers_serial_rivers_large_b,
          serial_bayou_pond_e
Swamp:1:  layout_falls_marsh, nicolae_swamp_trees_clearing,
          nicolae_swamp_fairy_circle
Swamp:2:  layout_basic_swamp, serial_swamp_ruin, evilmike_swamp_ruin_house_4,
          evilmike_swamp_ruin_house_6, evilmike_swamp_ruin_rubble_2,
          swamp_pool2, nicolae_swamp_dense_foliage
Orc:1:    layout_caves, serial_shops, nicolae_lakefront_shop
Orc:2:    pf_orc_diabolical, layout_caves

Notes
Turn   | Place    | Note
-------+----------+-------------------------------------------
     0 | D:1      | Jackthecabe the Mummy Necromancer began the quest for the
                  | Orb.
     0 | D:1      | Reached XP level 1. HP: 13/13 MP: 4/4
    33 | D:1      | Found Kabluruoq's Weapon Emporium.
   148 | D:1      | Reached skill level 3 in Spellcasting
   400 | D:1      | Reached XP level 2. HP: 19/19 MP: 3/6
  1206 | D:2      | Gained mutation: You are in touch with the powers of death.
                  | [Mummy growth]
  1206 | D:2      | Reached XP level 3. HP: 24/24 MP: 2/7
  1375 | D:2      | Reached skill level 5 in Necromancy
  1978 | D:2      | Reached XP level 4. HP: 24/30 MP: 3/8
  1982 | D:2      | Learned a level 3 spell: Vampiric Draining
  1987 | D:2      | Learned a level 4 spell: Animate Dead
  2399 | D:3      | Found Cuxokol's Book Shoppe.
  2477 | D:3      | Found an opulent altar of Gozag.
  2590 | D:3      | Found an iron altar of Okawaru.
  2590 | D:3      | Noticed Jessica
  2602 | D:3      | Killed Jessica
  2603 | D:3      | Reached skill level 6 in Necromancy
  2852 | D:3      | Found Zigiefogi's Armour Shop.
  2859 | D:3      | Bought a +0 pair of gloves for 49 gold pieces
  3074 | D:4      | Reached XP level 5. HP: 35/35 MP: 5/9
  3167 | D:4      | Noticed Blork the orc
  3455 | D:4      | Reached skill level 7 in Necromancy
  3587 | D:3      | Reached XP level 6. HP: 41/41 MP: 6/10
  4256 | D:4      | Reached skill level 8 in Necromancy
  4596 | D:5      | Entered Level 5 of the Dungeon
  4631 | D:5      | Reached skill level 1 in Fighting
  4824 | D:5      | Reached skill level 2 in Fighting
  4824 | D:5      | Reached XP level 7. HP: 38/50 MP: 1/11
  5001 | D:5      | Reached skill level 3 in Fighting
  5511 | D:5      | Reached skill level 4 in Fighting
  5750 | D:6      | Found Ceym Ucli's Distillery.
  5807 | D:6      | Reached skill level 5 in Fighting
  5954 | D:6      | Identified the +6 scale mail "Obatil" {rPois}
  5974 | D:6      | Found a burning altar of Makhleb.
  6283 | D:6      | Found a staircase to the Ecumenical Temple.
  6295 | Temple   | Entered the Ecumenical Temple
  6607 | Temple   | Became a worshipper of Kikubaaqudgha
  6680 | D:6      | Reached skill level 6 in Fighting
  6680 | D:6      | Reached XP level 8. HP: 58/64 MP: 6/12
  6737 | D:6      | Reached skill level 1 in Polearms
  7189 | D:7      | Found Beowulf's Dragon-Slaying Spoils.
  7311 | D:7      | Reached skill level 2 in Polearms
  7475 | D:7      | Found a flagged portal.
  7495 | D:7      | Reached * piety under Kikubaaqudgha
  7495 | D:7      | Received a gift from Kikubaaqudgha
  7544 | Bailey   | Entered a bailey
  7584 | Bailey   | Noticed an orc warlord
  7629 | Bailey   | Reached skill level 3 in Polearms
  7913 | Bailey   | Found a runed translucent gate.
  7914 | Bailey   | Found a runed translucent gate.
  7915 | Bailey   | Found a runed translucent gate.
  7928 | Bailey   | Reached skill level 4 in Polearms
  8340 | D:7      | Got the Secrets of Brumal Poisoning
  8456 | D:7      | Reached skill level 5 in Polearms
  8459 | D:7      | Noticed a manticore
  8557 | D:7      | Reached ** piety under Kikubaaqudgha
  8617 | D:6      | Reached XP level 9. HP: 69/69 MP: 0/13
  8730 | D:7      | Reached skill level 6 in Polearms
  9053 | D:7      | Found a shimmering altar of Xom.
  9102 | D:7      | Reached skill level 4 in Spellcasting
  9404 | D:7      | Noticed Maggie
  9418 | D:8      | Identified 2 scrolls of acquirement
  9419 | D:8      | Acquired the staff of death "Voczesar" {Contam +Blink rElec
                  | rN+ Will++}
  9517 | D:8      | Noticed a two-headed ogre
  9647 | D:8      | Found an ornate altar of the Wu Jian Council.
  9671 | D:8      | Reached skill level 9 in Necromancy
  9951 | D:8      | Found a bloodstained altar of Trog.
  9954 | D:8      | Noticed a wizard
  9960 | D:8      | Killed a wizard
 10422 | D:9      | Identified the +3 leather armour of the Pit {Str+4}
 10879 | D:9      | Noticed Pikel
 10891 | D:9      | Killed Pikel
 10892 | D:9      | Reached skill level 10 in Necromancy
 11009 | D:9      | Noticed a troll
 11074 | D:8      | Reached skill level 7 in Fighting
 11121 | D:9      | Noticed a troll
 11314 | D:8      | Killed a troll
 11862 | D:9      | Reached skill level 8 in Fighting
 12196 | D:8      | Reached XP level 10. HP: 80/80 MP: 11/16
 12210 | D:8      | Found a blossoming altar of Fedhas.
 12454 | D:9      | Found a staircase to the Lair.
 12480 | Lair:1   | Entered Level 1 of the Lair of Beasts
 12480 | Lair:1   | Noticed a cane toad
 12486 | Lair:1   | Killed a cane toad
 12587 | Lair:1   | Noticed a cane toad
 12606 | Lair:1   | Killed a cane toad
 12607 | Lair:1   | Reached skill level 9 in Fighting
 12643 | Lair:1   | Noticed Fannar
 12914 | D:9      | Learned a level 5 spell: Borgnjor's Vile Clutch
 13544 | D:10     | Entered Level 10 of the Dungeon
 13667 | D:10     | Noticed a two-headed ogre
 13689 | D:10     | Killed a two-headed ogre
 13690 | D:10     | Reached skill level 1 in Earth Magic
 13789 | D:10     | Reached *** piety under Kikubaaqudgha
 13789 | D:10     | Received a gift from Kikubaaqudgha
 14079 | D:10     | Found Dofumu's Weapon Shoppe.
 14217 | D:10     | Reached skill level 2 in Earth Magic
 14529 | D:10     | Noticed Harold
 14540 | D:10     | Killed Harold
 14541 | D:10     | Reached skill level 11 in Necromancy
 14960 | D:10     | Reached skill level 10 in Fighting
 15137 | D:11     | Reached skill level 3 in Earth Magic
 15317 | D:10     | Reached XP level 11. HP: 78/90 MP: 7/17
 16027 | D:11     | Reached skill level 12 in Necromancy
 16030 | D:11     | Reached skill level 4 in Earth Magic
 16617 | D:11     | Reached skill level 5 in Earth Magic
 16882 | Lair:1   | Killed Fannar
 17061 | Lair:1   | Reached **** piety under Kikubaaqudgha
 17067 | Lair:1   | Reached skill level 6 in Earth Magic
 17095 | Lair:1   | Noticed a boulder beetle
 17152 | Lair:1   | Reached skill level 5 in Spellcasting
 17256 | Lair:1   | Learned a level 6 spell: Death Channel
 17261 | Lair:1   | Noticed Amaemon
 17301 | Lair:1   | Killed a boulder beetle
 17507 | Lair:1   | Reached skill level 13 in Necromancy
 17763 | Lair:1   | Noticed Gastronok
 17780 | Lair:1   | Reached XP level 12. HP: 97/97 MP: 5/19
 17785 | Lair:1   | Killed Gastronok
 17786 | Lair:1   | Reached skill level 14 in Necromancy
 18474 | Lair:2   | Found a broken altar of Ashenzari.
 18662 | Lair:2   | Reached skill level 11 in Fighting
 19402 | Lair:3   | Reached skill level 12 in Fighting
 19416 | Lair:3   | Noticed a six-headed hydra
 19438 | Lair:3   | Killed a six-headed hydra
 19439 | Lair:3   | Reached skill level 1 in Ice Magic
 19444 | Lair:3   | Reached skill level 2 in Ice Magic
 19600 | Lair:2   | Reached skill level 3 in Ice Magic
 20150 | Lair:3   | Reached skill level 4 in Ice Magic
 20163 | Lair:3   | Found a runed translucent gate.
 20164 | Lair:3   | Found a runed translucent gate.
 20165 | Lair:3   | Found a runed translucent gate.
 20167 | Lair:3   | Noticed hawla's ghost (journeyman MeFE)
 20167 | Lair:3   | Noticed Deesahac's ghost (journeyman BaFi)
 20167 | Lair:3   | Noticed Yjeari's ghost (journeyman GrMo)
 20167 | Lair:3   | Noticed Sadonosm's ghost (journeyman DgSk)
 20167 | Lair:3   | Noticed bungle's ghost (journeyman DjCj)
 20221 | Lair:3   | Reached skill level 5 in Ice Magic
 20504 | Lair:3   | Found a staircase to the Swamp.
 20625 | Lair:3   | Found a hole to the Spider Nest.
 20642 | Lair:3   | Noticed a death yak
 20645 | Lair:3   | Noticed a death yak
 20646 | Lair:3   | Noticed a death yak
 21023 | Lair:2   | Killed a death yak
 21121 | Lair:3   | Reached skill level 6 in Ice Magic
 21130 | Lair:3   | Killed a death yak
 21131 | Lair:3   | Gained mutation: You are strongly in touch with the powers
                  | of death. [Mummy growth]
 21131 | Lair:3   | Reached XP level 13. HP: 104/108 MP: 1/21
 21141 | Lair:3   | Reached ***** piety under Kikubaaqudgha
 21142 | Lair:3   | Reached skill level 6 in Spellcasting
 21274 | Lair:3   | Learned a level 4 spell: Dispel Undead
 21389 | Lair:1   | Killed Amaemon
 21596 | Lair:4   | Reached skill level 7 in Spellcasting
 22278 | Lair:4   | Identified the +0 leather armour of Nicia {rF+}
 22313 | Lair:4   | Reached skill level 8 in Spellcasting
 22438 | Lair:4   | Reached skill level 2 in Dodging
 22442 | Lair:4   | Reached skill level 1 in Armour
 22892 | Lair:4   | Noticed Sonja
 22894 | Lair:4   | Reached skill level 2 in Armour
 22928 | Lair:4   | Killed Sonja
 22932 | Lair:4   | Reached skill level 3 in Dodging
 23972 | Lair:5   | Entered Level 5 of the Lair of Beasts
 23982 | Lair:4   | Reached skill level 3 in Armour
 24423 | Lair:5   | Reached skill level 4 in Dodging
 24609 | Lair:5   | Noticed a fire dragon
 24641 | Lair:5   | Killed a fire dragon
 24642 | Lair:5   | Reached skill level 4 in Armour
 24642 | Lair:5   | Reached skill level 7 in Earth Magic
 24799 | Lair:5   | Identified the +0 plate armour of Pandemonium {rPois rC++}
 25186 | Lair:5   | Reached skill level 5 in Dodging
 25733 | Lair:5   | Reached XP level 14. HP: 115/115 MP: 2/26
 26038 | Lair:5   | Reached skill level 5 in Armour
 26406 | Lair:5   | Reached skill level 8 in Earth Magic
 26440 | Lair:5   | Reached skill level 6 in Dodging
 26916 | Lair:5   | Reached skill level 6 in Armour
 27121 | Lair:5   | Found a viscous altar of Jiyva.
 27121 | Lair:5   | Found a staircase to the Slime Pits.
 27123 | Lair:5   | Reached ****** piety under Kikubaaqudgha
 27681 | Lair:5   | Learned a level 6 spell: Simulacrum
 28458 | D:12     | Reached skill level 7 in Dodging
 28480 | D:12     | Found Ypsi's Distillery.
 29066 | D:12     | Found a staircase to the Orcish Mines.
 29088 | D:12     | Found Uconaa's Antique Weapon Boutique.
 29644 | D:12     | Found Fef Zao's Antique Weapon Shop.
 29700 | D:12     | Reached skill level 7 in Armour
 29741 | D:12     | Found Ziujoal's Book Shop.
 29767 | D:12     | Found Nergh's Jewellery Shop.
 29775 | D:12     | Bought the amulet "Ketaof" {Reflect rElec SH+5} for 660
                  | gold pieces
 30367 | D:13     | Noticed Nessos
 30367 | D:13     | Noticed Rupert
 30367 | D:13     | Found a gate to the Vaults.
 30368 | D:13     | Paralysed by Rupert for 3 turns
 30805 | D:13     | Reached skill level 8 in Dodging
 31189 | D:13     | Reached skill level 8 in Armour
 31521 | D:13     | Killed Rupert
 31746 | D:13     | Reached XP level 15. HP: 119/120 MP: 1/27
 31782 | D:13     | Noticed a storm dragon
 31786 | D:13     | Identified the +7 great mace of the Demagogue {drain, rC+
                  | Stlth+}
 31816 | D:13     | Found a radiant altar of Vehumet.
 32192 | D:13     | Killed Nessos
 32528 | Orc:1    | Entered Level 1 of the Orcish Mines
 32710 | Orc:2    | Entered Level 2 of the Orcish Mines
 32710 | Orc:2    | Found a staircase to the Elven Halls.
 33513 | Orc:2    | Reached skill level 9 in Earth Magic
 34354 | Orc:2    | Found Usisket's General Store.
 34356 | Orc:2    | Found Ceraebb's Magic Scroll Shoppe.
 34863 | Orc:2    | Reached skill level 15 in Necromancy
 35347 | Orc:2    | Found Tazeg's Antique Weapon Boutique.
 35347 | Orc:2    | Found Liomnef's Book Shop.
 35348 | Orc:2    | Found a one-way gate leading to the halls of Pandemonium.
 35576 | Orc:1    | Reached skill level 7 in Ice Magic
 35711 | Orc:1    | Found Wueteter's Distillery.
 36125 | Temple   | Received a gift from Kikubaaqudgha
 36420 | D:4      | Killed Blork the orc
 36730 | D:7      | Found a basalt altar of Yredelemnul.
 36764 | D:7      | Found a shimmering altar of Xom.
 36809 | D:7      | Killed Maggie
 37077 | D:7      | Found Beowulf's Dragon-Slaying Spoils.
 37199 | D:7      | Found a basalt altar of Yredelemnul.
 38017 | D:14     | Reached skill level 10 in Earth Magic
 38250 | D:14     | Acquired a manual of Hexes
 38252 | D:14     | Acquired a +0 demon trident of electrocution
 38284 | D:14     | Found a frozen archway.
 38325 | IceCv    | Entered an ice cave
 38920 | IceCv    | Reached skill level 8 in Ice Magic
 39047 | IceCv    | Identified a +0 leather armour of resistance
 39065 | IceCv    | Found an ancient bone altar of Kikubaaqudgha.
 39100 | IceCv    | Reached skill level 16 in Necromancy
 39265 | IceCv    | Reached XP level 16. HP: 103/127 MP: 8/28
 39277 | IceCv    | Reached skill level 1 in Summonings
 39280 | IceCv    | Noticed a lich
 39319 | IceCv    | HP: 5/127 [freezing wraith (11)]
 39742 | IceCv    | Killed a lich
 39743 | IceCv    | Reached skill level 2 in Summonings
 40485 | D:14     | Reached skill level 9 in Spellcasting
 40525 | D:14     | Reached skill level 3 in Summonings
 41188 | D:15     | Entered Level 15 of the Dungeon
 41454 | D:15     | Reached skill level 10 in Spellcasting
 41456 | D:15     | Reached skill level 4 in Summonings
 41572 | D:15     | Found a staircase to the Depths.
 41688 | D:15     | Noticed Kirke
 41695 | D:15     | Noticed a sphinx
 41699 | D:15     | Killed Kirke
 41887 | D:15     | Found an ornate altar of the Wu Jian Council.
 42152 | D:15     | Learned a level 7 spell: Haunt
 42465 | D:15     | Reached skill level 5 in Summonings
 43040 | D:15     | Reached skill level 11 in Spellcasting
 43296 | Orc:2    | Bought a +0 buckler of protection for 149 gold pieces
 43296 | Orc:2    | Bought a wand of digging (5) for 273 gold pieces
 43428 | D:12     | Bought a ring of wizardry for 450 gold pieces
 43590 | Swamp:1  | Entered Level 1 of the Swamp
 43899 | Swamp:1  | Reached skill level 6 in Summonings
 44773 | Swamp:1  | Reached skill level 7 in Summonings
 45920 | Swamp:2  | HP: 6/127 [eleionoma (17)]
 45920 | Swamp:2  | Slain by a spriggan rider

Vanquished Creatures
  Rupert (D:13)
  A lich (IceCv)
  Kirke (D:15)
  2 eleionomae (Swamp:1)
  Nessos (D:13)
  2 bunyips
  A fire dragon (Lair:5)
  An ettin (Orc:2)
  A yaktaur captain (D:11)
  Harold (D:10)
  A caustic shrike simulacrum (IceCv)
  Fannar (Lair:1)
  8 hydras
  A spriggan skeleton (D:15)
  An ice dragon (D:14)
  A catoblepas (Lair:4)
  2 demonspawn (Orc:2)
  4 centaur warriors
  6 two-headed ogres
  2 boulder beetles
  7 death yaks
  3 tengu warriors
  4 orc high priests (Orc:2)
  Sonja (Lair:4)
  3 spriggans (Swamp:1)
  2 skysharks
  Amaemon (Lair:1)
  A skeletal warrior (D:14)
  A death drake (shapeshifter) (D:15)
  A glowing orange brain (shapeshifter) (D:14)
  3 spriggan simulacra (IceCv)
  A goliath frog (Swamp:2)
  A spriggan druid (Swamp:2)
  2 bog bodies (IceCv)
  A phantasmal warrior (D:15)
  A swamp dragon (Lair:5)
  An obsidian statue (IceCv)
  Pikel (D:9)
  3 deep elf pyromancers
  2 orc sorcerers (Orc:2)
  A wolf spider (D:15)
  9 orc knights
  8 ugly things
  5 cyclopes
  A fire giant zombie (D:15)
  3 manticores
  A salamander (shapeshifter) (D:14)
  An oklob plant (Lair:2)
  3 elephants
  A demonic crawler (Lair:3)
  A torpor snail (Lair:5)
  7 black mambas
  2 molten gargoyles (Lair:4)
  15 cane toads
  An unseen horror (D:13)
  3 orange demons
  9 komodo dragons
  2 kobold demonologists (D:14)
  20 freezing wraiths
  Maggie (D:7)
  3 anaconda simulacra (IceCv)
  A rime drake (Lair:5)
  3 golden dragon simulacra (IceCv)
  A queen bee (shapeshifter) (D:13)
  9 trolls
  A hellwing (Orc:2)
  A polar bear (Lair:5)
  A tyrant leech (Swamp:2)
  6 hornets
  An ettin zombie (D:15)
  A tarantella (shapeshifter) (D:13)
  11 dream sheep
  9 blink frogs
  7 slime creatures
  A centaur simulacrum (D:13)
  2 shadows
  2 water elementals (D:11)
  3 wraiths
  2 vampires (D:12)
  48 yaks
  3 dire elephant simulacra (IceCv)
  5 hogs (D:15)
  9 basilisks
  8 wyverns
  11 humans
  2 redbacks (Lair:5)
  2 minotaur simulacra (IceCv)
  A glowing shapeshifter zombie (D:15)
  2 vampire mosquitoes (D:13)
  A steam dragon (Lair:5)
  2 wargs
  2 acid dragons
  4 harpy simulacra
  15 water moccasins
  29 orc warriors
  2 swamp drakes (Lair:5)
  3 alligator simulacra (IceCv)
  2 sky beasts
  A meliai simulacrum (D:14)
  3 ice beasts
  5 ogres
  3 black bears
  An ettin simulacrum (IceCv)
  3 wolves
  8 centaurs
  7 bullfrogs
  3 kobold brigands
  Blork the orc (D:4)
  6 scorpions
  A deep troll simulacrum (IceCv)
  A gnoll sergeant (D:10)
  4 lindwurm simulacra (IceCv)
  6 electric eels
  3 howler monkeys
  5 lava snakes (Lair:4)
  23 orc priests
  8 jellies
  2 sleepcaps
  2 gnoll boudas
  7 hounds
  3 iguanas
  Jessica (D:3)
  15 orc wizards
  9 gnolls
  7 adders
  2 shadow imps (D:8)
  2 white imps
  2 ufetubi
  4 worms
  2 dart slugs
  46 orcs
  10 endoplasms
  3 giant cockroaches
  8 hobgoblins
  3 quokkas
  8 ball pythons
  A bat (D:1)
  5 frilled lizards
  12 goblins
  30 kobolds
  4 rats
669 creatures vanquished.

Vanquished Creatures (collateral kills)
  Gastronok (Lair:1)
  An eleionoma (Swamp:1)
  A centaur warrior (D:12)
  2 nameless horrors (Swamp:1)
  7 hydras
  A demonspawn (Orc:2)
  4 orc high priests (Orc:2)
  A skeletal warrior (D:15)
  A goliath frog (Swamp:2)
  A bog body (Swamp:2)
  A flayed ghost (D:13)
  3 swamp dragons
  An orc knight (Orc:1)
  A wolf spider (Lair:5)
  A necromancer (D:15)
  A deep elf pyromancer (D:14)
  2 orc sorcerers (Orc:2)
  A manticore (D:15)
  A will-o-the-wisp (Swamp:1)
  2 cyclopes
  4 elephants
  A salamander (shapeshifter) (D:13)
  2 ugly things (D:13)
  A guardian serpent (Lair:5)
  4 cane toads
  2 rime drakes
  4 komodo dragons
  A guardian mummy (D:15)
  A troll (D:13)
  A red devil (Orc:2)
  2 hornets
  4 tyrant leeches
  4 blink frogs
  A dream sheep (Lair:5)
  4 slime creatures
  2 wyverns (Lair:5)
  3 spriggans
  22 yaks
  4 humans
  2 basilisks
  2 redbacks (Lair:5)
  A steam dragon (Lair:5)
  A swamp worm (Swamp:1)
  5 water moccasins
  3 orc warriors (Orc:2)
  3 swamp drakes (Swamp:1)
  A black bear (D:7)
  An ogre (Orc:1)
  A kobold brigand (D:14)
  2 bullfrogs
  A scorpion (Lair:1)
  4 orc priests (Orc:2)
  A hound (D:4)
  2 jellies
  5 orc wizards
  2 iguanas (Lair:5)
  2 gnolls (D:6)
  17 orcs
  An endoplasm (D:3)
158 creatures vanquished.

Vanquished Creatures (others)
  A necromancer (IceCv)
  A wizard (D:8)
  A bloated husk (Swamp:1)
  7 foxfires
10 creatures vanquished.

Grand Total: 837 creatures vanquished

Table legend: (Time is in decaauts)
 A = Elapsed time spent in this place.
 B = Non-inter-level travel time spent in this place.
 C = Inter-level travel time spent in this place.
 D = Time resting spent in this place.
 E = Time spent auto-exploring this place.
 F = Levels seen in this place.
 G = Mean time per level.
                   A        B        C        D        E       F      G
               +--------+--------+--------+--------+--------+-----+--------+
         Total |  46120 |  43296 |   2824 |   8693 |  25259 |  27 | 1708.1 |
       Dungeon |  25736 |  23854 |   1882 |   4239 |  14644 |  15 | 1715.7 |
        Temple |    413 |    293 |    120 |      0 |    277 |   1 |  413.0 |
          Lair |  11340 |  10793 |    547 |   2202 |   6119 |   5 | 2268.0 |
         Swamp |   2297 |   2263 |     34 |    568 |   1330 |   2 | 1148.5 |
  Orcish Mines |   3560 |   3320 |    240 |    736 |   1756 |   2 | 1780.0 |
        Bailey |    787 |    787 |      0 |     73 |    446 |   1 |  787.0 |
      Ice Cave |   1985 |   1985 |      0 |    875 |    686 |   1 | 1985.0 |
               +--------+--------+--------+--------+--------+-----+--------+

Top non-repeatable levels by time:
  Lair:5: 3400 daAuts
  Lair:4: 2569 daAuts
    D:12: 2539 daAuts
   Orc:2: 2501 daAuts
     D:7: 2344 daAuts
    D:10: 2268 daAuts
     D:9: 2209 daAuts
  Lair:1: 2174 daAuts
    D:13: 2018 daAuts
   IceCv: 1985 daAuts
    D:11: 1903 daAuts
 Swamp:1: 1842 daAuts
    D:15: 1818 daAuts
     D:8: 1705 daAuts
     D:4: 1653 daAuts

Table legend:
 A = Non-vault XP
 B = Vault XP
 C = Vault XP percentage of total XP
 D = Non-vault monster count
 E = Vault monster count
 F = Vault count percentage of total count
                 A         B        C        D         E       F
            +---------+---------+-------+---------+---------+-------
      Total |  117066 |   88724 |  43.1 |     507 |     318 |  38.5
            +---------+---------+-------+---------+---------+-------
        D:1 |      26 |       0 |   0.0 |      16 |       0 |   0.0
        D:2 |      49 |      29 |  37.2 |      21 |       9 |  30.0
        D:3 |     131 |      37 |  22.0 |      15 |       1 |   6.2
        D:4 |     408 |      87 |  17.6 |      14 |       1 |   6.7
        D:5 |     449 |       0 |   0.0 |      19 |       0 |   0.0
        D:6 |     475 |     172 |  26.6 |      11 |       2 |  15.4
        D:7 |     872 |    1289 |  59.6 |      18 |      14 |  43.8
        D:8 |     684 |     319 |  31.8 |      12 |       4 |  25.0
        D:9 |     719 |    1084 |  60.1 |      15 |       4 |  21.1
       D:10 |    3108 |     878 |  22.0 |      26 |       1 |   3.7
       D:11 |    3537 |     895 |  20.2 |      17 |       1 |   5.6
       D:12 |    6682 |    2777 |  29.4 |      19 |      16 |  45.7
       D:13 |    2531 |   13409 |  84.1 |       8 |      27 |  77.1
       D:14 |   13036 |    3316 |  20.3 |      33 |       5 |  13.2
       D:15 |    6985 |    6660 |  48.8 |      14 |      14 |  50.0
     Lair:1 |    5929 |    6169 |  51.0 |      22 |      17 |  43.6
     Lair:2 |    5729 |     497 |   8.0 |      16 |       1 |   5.9
     Lair:3 |    7982 |     713 |   8.2 |      25 |       8 |  24.2
     Lair:4 |    9463 |    1922 |  16.9 |      24 |       8 |  25.0
     Lair:5 |   16545 |   13330 |  44.6 |      59 |      51 |  46.4
    Swamp:1 |   13767 |       0 |   0.0 |      29 |       0 |   0.0
    Swamp:2 |    7864 |       0 |   0.0 |      12 |       0 |   0.0
      Orc:1 |    5369 |       0 |   0.0 |      30 |       0 |   0.0
      Orc:2 |    4726 |   17279 |  78.5 |      32 |      64 |  66.7
     Bailey |       0 |     439 | 100.0 |       0 |      20 | 100.0
      IceCv |       0 |   17423 | 100.0 |       0 |      50 | 100.0
            +---------+---------+-------+---------+---------+-------
